 Dungeon Crawl Stone Soup version 0.23.2-33-g5129a83184 (webtiles) character file.

Game seed: 13955673056463437340

88 esteth the Skirmisher (level 4, 0/37 HPs)
             Began as a Demonspawn Abyssal Knight on June 28, 2019.
             Was a Believer of Lugonu.
             Succumbed to Robin's poison
             ... on level 3 of the Dungeon.
             The game lasted 00:04:13 (2606 turns).

esteth the Skirmisher (Demonspawn Abyssal Knight)   Turns: 2606, Time: 00:04:14

Health: 0/37       AC:  4    Str: 12    XL:     4   Next: 30%
Magic:  6/6        EV: 10    Int: 14    God:    Lugonu [**....]
Gold:   125        SH:  3    Dex: 13    Spells: 3/3 levels left

rFire    + . .     SeeInvis .   a - +1 hand axe
rCold    . . .     Gourm    .   s - +0 buckler
rNeg     . . .     Faith    .   b - +0 leather armour
rPois    .         Spirit   .   m - +0 helmet
rElec    .         Reflect  .   (no cloak)
rCorr    .         Harm     .   (no gloves)
MR       .....                  (no boots)
Stlth    +.........             (no amulet)
HPRegen  0.12/turn              i - ring of protection from fire
MPRegen  0.10/turn              (no ring)

@: lethally poisoned (0 -> -7)
A: hooves 2
a: Depart the Abyss, Bend Space, Renounce Religion


You were on level 3 of the Dungeon.
You worshipped Lugonu.
Lugonu was pleased with you.
You were not hungry.

You visited 1 branch of the dungeon, and saw 3 of its levels.
You visited the Abyss 1 time.

You collected 125 gold pieces.

Inventory:

Hand Weapons
 a - a +1 hand axe (weapon)
Armour
 b - a +0 leather armour (worn)
 m - a +0 helmet (worn)
 s - a +0 buckler (worn)
Jewellery
 i - a ring of protection from fire (left hand)
Scrolls
 e - a scroll of identify
 g - a scroll of magic mapping {unknown}
 h - a scroll of fear
 j - a scroll of random uselessness {unknown}
 l - a scroll of fog {unknown}
 n - a scroll of remove curse {unknown}
 o - a scroll of blinking {unknown}
 p - a scroll of enchant armour {unknown}
 r - a scroll of teleportation {unknown}
Potions
 d - a potion of invisibility
 f - a potion of curing
Comestibles
 c - 2 rations
 q - 7 chunks of flesh


   Skills:
 + Level 4.1 Fighting
 - Level 2.8 Axes
 - Level 1.8 Armour
 - Level 1.0 Dodging
 + Level 0.5 Shields
 + Level 3.1 Invocations


You had 3 spell levels left.
You didn't know any spells.
Your spell library was empty.

Dungeon Overview and Level Annotations

Branches:
Dungeon (3/15)

Altars:
Ru
Trog

Annotations:
D:3 Robin


Innate Abilities, Weirdness & Mutations

You have hoof-like feet.


Message History

* * * LOW HITPOINT WARNING * * *
You are lethally poisoned!
* * * LOW HITPOINT WARNING * * *
You feel sick.
The goblin no longer looks unusually strong.
Found 2 dark potions.
* * * LOW HITPOINT WARNING * * *
You feel sick. Robin throws the goblin at you!
* * * LOW HITPOINT WARNING * * *
As you read the scroll labeled NED GUIWELED, it crumbles to dust.
You assume a fearsome visage.
Robin looks frightened!
The goblin looks frightened! x3; The hobgoblin looks frightened! x2
The worm looks frightened!
It was a scroll of fear.
* * * LOW HITPOINT WARNING * * *
You feel sick.
* * * LOW HITPOINT WARNING * * *
You feel sick.
You see here a potion of curing.
f - a potion of curing You die...

#..... .. ..##### ..#.
....... #.#.# . (..###
#.##. .. .. ..####
#.##.##.## ..# .....# #.#
..#..####..# .....# #.#
#.##!......##
)....###.###.##.........
.......#.##gg...@.g.!...
..รทรท##...g...##.........
.#.....#...g?#).........
.............w).........
.............)).........
............g...........
........................
...............##.....##
................####.


You could see a worm (fleeing), 2 hobgoblins and 3 goblins.

Vanquished Creatures
  3 adders
  2 worms
  3 leopard geckos
  3 giant cockroaches
  5 goblins (D:3)
  11 hobgoblins
  A ball python (D:2)
  5 bats
  8 frilled lizards
  5 kobolds (D:1)
  6 rats
52 creatures vanquished.

Vanquished Creatures (others)
  A goblin (D:3)
1 creature vanquished.

Grand Total: 53 creatures vanquished

Notes
Turn   | Place    | Note
-------+----------+-------------------------------------------
     0 | Abyss:1  | esteth the Demonspawn Abyssal Knight began the quest for
                  | the Orb.
     0 | Abyss:1  | Reached XP level 1. HP: 18/18 MP: 2/2
     0 | Abyss:1  | Found a corrupted altar of Lugonu.
    11 | D:1      | Escaped the Abyss
    17 | D:1      | Reached skill level 1 in Dodging
   284 | D:1      | Gained mutation: You have large cloven feet. [demonic
                  | ancestry]
   284 | D:1      | Reached XP level 2. HP: 17/24 MP: 3/3
   608 | D:1      | Reached ** piety under Lugonu
   978 | D:2      | Reached XP level 3. HP: 20/29 MP: 4/4
  1560 | D:2      | Found a sacrificial altar of Ru.
  1727 | D:2      | Found a bloodstained altar of Trog.
  2386 | D:3      | Reached skill level 4 in Fighting
  2386 | D:3      | Gained mutation: You have hoof-like feet. [demonic
                  | ancestry]
  2386 | D:3      | Reached XP level 4. HP: 21/37 MP: 6/6
  2584 | D:3      | Noticed Robin
  2605 | D:3      | HP: 1/37 [poisoned by Robin]
  2606 | D:3      | Succumbed to Robin's poison

Skill      XL: |  1  2  3  4 |
---------------+-------------+-----
Dodging        | 1 |  1.0
Axes           | 2 |  2.8
Fighting       | 4 |  4.1
Invocations    | 3 |  3.1
Armour         | |  1.8
Shields        | |  0.5

Action                   |  1- 3 |  4- 6 || total
-------------------------+-------+-------++-------
Melee: Hand axe          |   133 |    17 ||   150
       Kick              |    20 |     7 ||    27
  Use: Scroll            |     1 |     1 ||     2
       Potion            |       |     3 ||     3
  Eat: Chunk             |     5 |       ||     5
Armor: Leather armour    |    40 |     6 ||    46
Dodge: Dodged            |    81 |    23 ||   104
Block: Buckler           |       |     7 ||     7
